 Dungeon Crawl Stone Soup version 0.29.1-1-gd02db6906a (webtiles) character file.

Game seed: 12317830982819121803

290 safid the Skirmisher (level 6, -1/51 HPs)
             Began as a Minotaur Hunter on Oct 14, 2022.
             Slain by a gnoll
             ... wielding a +0 flail
             ... led by a gnoll sergeant
              (11 damage)
             ... on level 4 of the Dungeon.
             The game lasted 00:04:39 (2362 turns).

safid the Skirmisher (Minotaur Hunter)              Turns: 2362, Time: 00:04:40

Health: -1/51      AC:  5    Str: 22    XL:     6   Next: 9%
Magic:  5/5        EV: 12    Int:  6    God:
Gold:   129        SH:  0    Dex: 15    Spells: 5/5 levels left

rFire   . . .      SeeInvis +   a - +0 shortbow
rCold   . . .      Faith    .   (shield currently unavailable)
rNeg    . . .      Spirit   .   p - +1 leather armour of Birdsong {-Cast rElec SInv}
rPois   +          Reflect  .   (helmet restricted)
rElec   +          Harm     .   (no cloak)
rCorr   .          Rampage  .   (no gloves)
Will    .....      NoCast   +   i - +0 pair of boots
Stlth   +.........              (no amulet)
HPRegen 0.17/turn               d - +6 ring of strength
MPRegen 0.09/turn               j - ring of poison resistance

@: no status effects
A: horns 2, retaliatory headbutt
a: no special abilities


You were on level 4 of the Dungeon.
You visited 1 branch of the dungeon, and saw 4 of its levels.

You collected 129 gold pieces.

Inventory:

Hand Weapons
 a - a +0 shortbow (weapon)
Armour
 i - a +0 pair of boots (worn)
 p - the +1 leather armour of Birdsong (worn) {-Cast rElec SInv}
   (You found it on level 3 of the Dungeon)

   rElec:     It insulates you from electricity.
   SInv:      It lets you see invisible.
   -Cast:     It prevents spellcasting.
Jewellery
 d - a +6 ring of strength (left hand)
 j - a ring of poison resistance (right hand)
Scrolls
 b - 2 scrolls of immolation
 c - 2 scrolls of poison {unknown}
 e - 2 scrolls of teleportation {unknown}
 g - 3 scrolls of identify {unknown}
 h - 2 scrolls of enchant weapon {unknown}
 k - a scroll of fear {unknown}
 l - a scroll of magic mapping {unknown}
 o - a scroll of brand weapon {unknown}
Potions
 f - a potion of degeneration {unknown}
 m - a potion of lignification {unknown}
 n - 3 potions of mutation {unknown}


   Skills:
 - Level 3.0 Fighting
 + Level 8.0 Ranged Weapons
 - Level 2.1 Dodging
 - Level 0.7 Stealth


You had 5 spell levels left.
You didn't know any spells.
Your spell library contained the following spells:

 Spells                   Type           Power      Damage    Failure   Level
 Chain Lightning          Conj/Air       0%         N/A       100%        9
 Fire Storm               Conj/Fire      0%         5d1       100%        9
 Shatter                  Erth           0%         3d5*      100%        9


Dungeon Overview and Level Annotations

Branches:
Dungeon (4/15)
 Temple: D:4-7

Altars:


Innate Abilities, Weirdness & Mutations

You have a pair of horns on your head.
You reflexively headbutt those who attack you in melee.


Message History

The gnoll hits the plant with a +0 halberd!
The gnoll hits the plant with a +0 flail.
You shoot an arrow.
The arrow completely misses the gnoll sergeant.
The arrow hits the gnoll!
The gnoll is almost dead.
A nearby plant withers and dies. x2
The gnoll sergeant hits you from afar with a +0 spear.
You shoot an arrow. The arrow hits the gnoll sergeant!
The gnoll sergeant is heavily wounded.
A nearby plant withers and dies.
The gnoll sergeant closely misses you.
You shoot an arrow. The arrow hits the gnoll sergeant!
The gnoll sergeant is severely wounded.
The gnoll sergeant hits you from afar with a +0 spear.
The gnoll throws a throwing net.
The throwing net hits you.
You become entangled in the net!
The gnoll hits you with a +0 club.
The gnoll hits you from afar with a +0 halberd.
The gnoll sergeant hits you from afar with a +0 spear.
Unknown command.
You struggle against the net.
The gnoll sergeant hits you from afar with a +0 spear!
The gnoll closely misses you. You furiously retaliate!
You headbutt the gnoll! The gnoll barely misses you.
Unknown command.
You struggle against the net.
The gnoll sergeant barely misses you. The gnoll barely misses you.
Unknown command.
You struggle against the net.
The gnoll sergeant hits you from afar with a +0 spear.
The gnoll hits you but does no damage.
The gnoll hits you from afar with a +0 halberd.
The gnoll barely misses you.
Unknown command.
You rip the net and break free!
The gnoll sergeant hits you from afar with a +0 spear!
* * * LOW HITPOINT WARNING * * *
The gnoll hits you with a +0 club.
* * * LOW HITPOINT WARNING * * *
The gnoll misses you. The gnoll hits you with a +0 flail!
You die...

..###..P.PPP..#
#..#...P...PP.#
#..#.PP.P..P.#
##....P...PP.#
.#....P..[..P.#
#..#..P.....P.##
#....gPg..P...!
#.##†...!..###
#..g@g........
##############


You could see a gnoll sergeant and 3 gnolls.

Vanquished Creatures
  A phantom (D:3)
  2 orc priests (D:3)
  Terence (D:2)
  7 adders
  A worm (D:3)
  3 dart slugs
  2 orcs (D:3)
  5 ball pythons
  10 bats
  7 endoplasms
  2 giant cockroaches
  5 goblins
  4 hobgoblins
  5 jackals (D:1)
  3 quokkas
  4 frilled lizards
  3 kobolds
  4 rats
69 creatures vanquished.

Vanquished Creatures (others)
  7 plants (D:4)
7 creatures vanquished.

Grand Total: 76 creatures vanquished

Notes
Turn   | Place    | Note
-------+----------+-------------------------------------------
     0 | D:1      | safid the Minotaur Hunter began the quest for the Orb.
     0 | D:1      | Reached XP level 1. HP: 18/18 MP: 0/0
    61 | D:1      | Reached XP level 2. HP: 26/26 MP: 1/1
   278 | D:1      | Reached skill level 5 in Ranged Weapons
   519 | D:1      | Reached XP level 3. HP: 31/31 MP: 2/2
   996 | D:2      | Noticed Terence
  1008 | D:2      | Killed Terence
  1009 | D:2      | Reached skill level 6 in Ranged Weapons
  1009 | D:2      | Reached XP level 4. HP: 19/38 MP: 3/3
  1185 | D:2      | Identified the +2 ring mail of Bukk {rF+ Int+2}
  1595 | D:3      | Reached XP level 5. HP: 43/45 MP: 4/4
  1628 | D:3      | Reached skill level 7 in Ranged Weapons
  1742 | D:3      | Noticed a phantom
  1747 | D:3      | Killed a phantom
  1818 | D:3      | Found a faded altar of an unknown god.
  1887 | D:3      | Reached XP level 6. HP: 47/51 MP: 5/5
  1955 | D:3      | Identified the +1 leather armour of Birdsong {-Cast rElec
                  | SInv}
  2350 | D:4      | Reached skill level 8 in Ranged Weapons
  2362 | D:4      | Slain by a gnoll

Illustrated notes

Levels and vault maps discovered:
D:1:      ncdulo_wetmaze, layout_loops_ring, serial_rivers,
          chequers_serial_rivers_micro_e, chequers_serial_rivers_micro_a,
          chequers_serial_rivers_small_a, chequers_serial_rivers_large_a
D:2:      layout_rooms, uniq_terence
D:3:      layout_loops_ring, dreamdust_ecumenical_altar_statues
D:4:      minmay_recursive_quarters, layout_loops_ring, gammafunk_ghost_smash,
          grunt_ministairs_13, nicolae_grassy_gnolls

Skill      XL: |  1  2  3  4  5  6 |
---------------+-------------------+-----
Fighting       | 3 |  3.0
Ranged Weapons | 5 6 7 8 |  8.0
Dodging        | |  2.1
Stealth        | |  0.7

Action                   |  1- 3 |  4- 6 || total
-------------------------+-------+-------++-------
 Fire: Shortbow          |    95 |   103 ||   198
Armor: Leather armour    |     9 |    14 ||    23
Dodge: Dodged            |    26 |    33 ||    59
